Cogmind - Beta 15 @@@ ROGUE MODE // 2025.06.05 @ 03:12:09 Player: CL-1C0 Result: Self-destructed Performance ------------- Evolutions (2) 1000 Regions Visited (3) 600 Robots Destroyed (8) 40 Value Destroyed (138) 138 Prototype IDs (0) 0 Alien Tech Used (0) 0 Bonus (200) 200 TOTAL SCORE: 1978 Bonus ------- Pacifist 200 Cogmind --------- Core Integrity 471/550 Matter 240/300 Energy 237/240 System Corruption 0% Temperature Cool (30) Movement Flying (34) Location -8/Materials Parts ------- > --- POWER (1) -------- Nuclear Core > --- PROPULSION (4) --- Flight Unit Flight Unit Flight Unit > --- UTILITY (4) ------ Microactuators > --- WEAPON (2) ------- Heavy Hammer > --- INVENTORY (5) ---- Flight Unit Cesium-ion Thruster Autogun Autogun Grenade Launcher Peak State ------------ > --- POWER ------------ Nuclear Core > --- PROPULSION ------- Flight Unit Flight Unit Flight Unit Flight Unit > --- UTILITY ---------- Microactuators Microactuators Microactuators Hacking Suite > --- WEAPON ----------- Heavy Hammer > --- INVENTORY -------- Flight Unit Autogun Autogun Grenade Launcher [Rating: 24] Favorites ----------- Power Nuclear Core Engine Ion Engine Power Core Nuclear Core Propulsion Flight Unit Treads Light Treads Flight Unit Flight Unit Utility Microactuators Device Microactuators Hackware Hacking Suite Weapon Heavy Hammer Launcher Grenade Launcher Impact Weapon Heavy Hammer Build | -11 -10 -9 -8 ------- Run | Yrd Mat Mat Mat Slots Evolved 4 | . . 2 2 Power . | . . . . Propulsion 2 | . . . 2 Utility 2 | . . 2 . Weapon . | . . . . Parts Attached 16 | 2 . 5 9 Power 2 | . . 1 1 Engine 1 | . . 1 . Core 1 | . . . 1 Reactor . | . . . . Propulsion 7 | 2 . 3 2 Treads 2 | 2 . . . Leg . | . . . . Wheel . | . . . . Hover . | . . . . Flight 5 | . . 3 2 Utility 5 | . . . 5 Device 3 | . . . 3 Storage . | . . . . Processor . | . . . . Hackware 2 | . . . 2 Protection . | . . . . Artifact . | . . . . Weapon 2 | . . 1 1 Energy Gun . | . . . . Energy Cannon . | . . . . Ballistic Gun . | . . . . Ballistic Cannon . | . . . . Launcher 1 | . . 1 . Special Weapon . | . . . . Impact Weapon 1 | . . . 1 Slashing Weapon . | . . . . Piercing Weapon . | . . . . Special Melee Weapon . | . . . . Unidentified Prototypes . | . . . . Parts Lost 3 | . . . 3 Power . | . . . . Propulsion 1 | . . . 1 Utility 2 | . . . 2 Weapon . | . . . . Highest Loss Streak 3 | . . . 3 To Critical Strikes . | . . . . Average Backups 3 | 4 . 3 4 Power . | 1 . . . Propulsion 1 | 2 . 1 1 Utility . | . . . . Weapon 2 | 1 . 2 3 Tool/Special . | . . . . Unused Backups 5 | . . 1 4 Power . | . . . . Propulsion 2 | . . . 2 Utility . | . . . . Weapon 3 | . . 1 2 Tool/Special . | . . . . Average Slot Usage (%) 47 | . 28 22 72 Engine 1 | . . 2 1 Core 3 | . . . 7 Treads 9 | . 28 14 . Flight 18 | . . 4 34 Device 8 | . . . 18 Hackware 3 | . . . 6 Impact Weapon 2 | . . . 4 Peak Build Rating 24 | 2 2 3 24 Average Rating 10 | . 2 2 18 On Entrance 3 | 6 2 2 3 Naked Turns 1 | . . 1 . Heaviest Build 16 | . . 5 16 Greatest Support 16 | 3 3 8 16 Greatest Overweight (x) . | . . . . Average Overweight (x) . | . . . . Largest Inventory Capacity 5 | 5 5 5 5 Average Capacity 5 | 5 5 5 5 Most Carried 5 | 4 1 5 5 Average Carried 3 | 2 . 3 4 Final Capacity 5 | 5 5 5 5 Final Carried 5 | . 1 5 5 Class Distribution -------------------- 57% | Scavenger-Sprinter 42% | Mutant Dominant Class ---------------- Mutant | -10/Materials Mutant | -9/Materials Scavenger-Sprinter | -8/Materials Resources | -11 -10 -9 -8 ----------- Run | Yrd Mat Mat Mat Matter Collected 320 | 200 . . 120 Remotely . | . . . . Salvage Created 85 | . . 85 . Parts 12 | . . 12 . Haulers Intercepted . | . . . . Recyclers Shooed . | . . . . Parts Field Recycled . | . . . . Retrieved Matter . | . . . . Parts Self-Destructed . | . . . . Prevented . | . . . . Kills | -11 -10 -9 -8 ------- Run | Yrd Mat Mat Mat Combat Hostiles Destroyed 8 | . . 8 . AOE 8 | . . 8 . Classes Destroyed 2 | . . 2 . Swarmer 6 | . . 6 . Grunt 2 | . . 2 . Best Kill Streak 8 | . . 8 . Combat Bots Only 8 | . . 8 . Max Kills in Single Turn 6 | . . 6 . Gunslinging . | . . . . Exploded 6 | . . 6 . Melee . | . . . . Uniques/NPCs Destroyed . | . . . . Combat | -11 -10 -9 -8 -------- Run | Yrd Mat Mat Mat Hostile Shots Fired 68 | . 5 35 28 Missed 30 | . 2 12 16 Hits 38 | . 3 23 12 Projectile 38 | . 3 23 12 Critical Strikes 1 | . . . 1 Damage Taken 483 | . 33 259 191 Core 188 | . 22 87 79 Absorbed by Shields . | . . . . Core Remaining (%) 89 | 100 91 78 . Volleys Fired 3 | . . 3 . Largest 1 | . . 1 . Hottest 30 | . . 30 . Shots Fired 3 | . . 3 . Gun . | . . . . Cannon . | . . . . Launcher 3 | . . 3 . Special . | . . . . Kinetic . | . . . . Thermal . | . . . . Explosive 3 | . . 3 . Electromagnetic . | . . . . Robot Hit Streak 2 | . . 2 . Robot Miss Streak . | . . . . Penetration Max . | . . . . Secondary Targets . | . . . . Shots Hit Robots 2 | . . 2 . Core Hits 9 | . . 9 . Critical Kills . | . . . . Critical Parts Destroyed . | . . . . Critical Strikes . | . . . . Melee Attacks 2 | . . . 2 Impact 2 | . . . 2 Slashing . | . . . . Piercing . | . . . . Sneak Attacks . | . . . . Combat Hostiles . | . . . . Follow-up Attacks . | . . . . Damage Inflicted 380 | . . 380 . Guns . | . . . . Cannons . | . . . . Explosions 380 | . . 380 . Melee . | . . . . Ramming . | . . . . Kinetic . | . . . . Thermal . | . . . . Explosive 380 | . . 380 . Electromagnetic . | . . . . Impact . | . . . . Slashing . | . . . . Piercing . | . . . . Highest Corruption . | . . . . Average Corruption . | . . . . Corruption Purged . | . . . . Corruption Blocked . | . . . . Overload Shots . | . . . . Overflow Damage 16 | . . 16 . Projectiles . | . . . . Explosions 16 | . . 16 . Melee . | . . . . Knockbacks . | . . . . Impact . | . . . . Kinetic . | . . . . Secondary . | . . . . Self-Inflicted Damage 70 | . . 70 . Shots 3 | . . 3 . Rammed . | . . . . Targets Rammed . | . . . . Kicked . | . . . . Crushed . | . . . . Highest Temperature 24 | . . . 24 Average Temperature 14 | . . . 14 Received Heat Transfer 102 | . 18 30 54 Siege Activations . | . . . . Martial Activations . | . . . . Shielding Activations . | . . . . Robots Disrupted . | . . . . Combat Hostiles . | . . . . Robots Corrupted . | . . . . Combat Hostiles . | . . . . Parts Fried . | . . . . Impact Corruptions . | . . . . Robots Melted . | . . . . Combat Hostiles . | . . . . Parts Melted . | . . . . Heat Transferred . | . . . . Parts Sabotaged . | . . . . Parts Stolen . | . . . . Parts Stripped . | . . . . Power Chain Reactions . | . . . . Alert | -11 -10 -9 -8 ------- Run | Yrd Mat Mat Mat Maximum Alert Level 1 | . . 1 . Low Security (%) 90 | 100 100 71 100 Level 1 9 | . . 28 . Level 2 . | . . . . Level 3 . | . . . . Level 4 . | . . . . Level 5 . | . . . . High Security . | . . . . Max Security . | . . . . Peak Influence 218 | . . 218 83 Initial 83 | . . . 83 Average 61 | . . 75 72 Influence Increases 298 | . . 228 70 Destroy 0b10 Robot/C 160 | . . 160 . Destroy Leader 30 | . . 30 . Successful Hack 8 | . . . 8 Disable Machine 15 | . . 15 . Destroy Structure 10 | . . 8 2 Partial Spotted 30 | . . 15 15 Lose Combat Pursuer 45 | . . . 45 Influence Decreases 225 | . . 30 195 Entered New Map 115 | . . . 115 Time Decay 80 | . . 30 50 Lost Part 30 | . . . 30 Squads Dispatched 7 | . 1 1 5 Investigation 6 | . . 1 5 Extermination . | . . . . Reinforcement 1 | . 1 . . Assault . | . . . . Garrison . | . . . . Intercept . | . . . . Searches Triggered . | . . . . Construction Impeded . | . . . . Haulers Reinforced . | . . . . Active Scanning Responses . | . . . . Cargo Convoy Interrupts . | . . . . Stealth | -11 -10 -9 -8 --------- Run | Yrd Mat Mat Mat Distress Signals 1 | . . 1 . Communications Jammed . | . . . . Distress Signals . | . . . . Times Spotted 36 | . 3 13 20 Peak Tracking Total 20 | . 2 9 20 Tactical Retreats 1 | . . . 1 Traps | -11 -10 -9 -8 ------- Run | Yrd Mat Mat Mat Traps Triggered . | . . . . Indirectly . | . . . . Trap Hack Attempts . | . . . . Triggered . | . . . . Disarmed . | . . . . Reprogrammed . | . . . . Reused . | . . . . Traps Extracted . | . . . . Installed . | . . . . Triggered . | . . . . Machines | -11 -10 -9 -8 ---------- Run | Yrd Mat Mat Mat Machines Disabled 1 | . . 1 . Max in Single Turn 1 | . . 1 . Machines Repaired . | . . . . Machines Dismantled . | . . . . Machines Sabotaged . | . . . . Overloaded Fab Kills . | . . . . Hacking | -11 -10 -9 -8 --------- Run | Yrd Mat Mat Mat Machines Accessed 10 | . . 1 9 Terminals 10 | . . 1 9 Fabricators . | . . . . Repair Stations . | . . . . Recycling Units . | . . . . Scanalyzers . | . . . . Garrison Access . | . . . . Total Hacks 25 | . . 2 23 Successful 2 | . . . 2 Failed 23 | . . 2 21 Catastrophic 9 | . . 2 7 Database Lockouts . | . . . . Manual 23 | . . 2 21 Terminals 25 | . . 2 23 Fabricators . | . . . . Repair Stations . | . . . . Recycling Units . | . . . . Scanalyzers . | . . . . Garrison Access . | . . . . Terminal Hacks 2 | . . . 2 Zone Layout 2 | . . . 2 Fabricator Hacks . | . . . . Repair Station Hacks . | . . . . Recycling Unit Hacks . | . . . . Scanalyzer . | . . . . Garrison Access Hacks . | . . . . Unauthorized Hacks . | . . . . Terminals . | . . . . Fabricators . | . . . . Repair Stations . | . . . . Recycling Units . | . . . . Scanalyzers . | . . . . Garrison Access . | . . . . Data Cores Recovered . | . . . . Used . | . . . . Hacking Detections 10 | . . 1 9 Full Trace Events 6 | . . 1 5 Feedback Events 1 | . . . 1 Hackware Fried 1 | . . . 1 Feedback Blocked . | . . . . Robot Schematics Acquired . | . . . . Robots Built . | . . . . Authchips . | . . . . Time . | . . . . Total Robot Build Rating . | . . . . Part Schematics Acquired . | . . . . Parts Built . | . . . . Authchips . | . . . . Time . | . . . . Total Part Build Rating . | . . . . Parts Repaired . | . . . . Time . | . . . . Parts Recycled . | . . . . Recycled Matter . | . . . . Retrieved Matter . | . . . . Retrieved Components . | . . . . Parts Scanalyzed . | . . . . Part Schematics Acquired . | . . . . Parts Damaged . | . . . . Bothacking | -11 -10 -9 -8 ------------ Run | Yrd Mat Mat Mat Used RIF Installer . | . . . . Robots Hacked . | . . . . Non-combat . | . . . . Combat . | . . . . Robot Hacks Applied . | . . . . Relay Couplers Released . | . . . . Fabnet Peak Effective % . | . . . . Robots Rewired . | . . . . Allies Hacked . | . . . . Hacks Repelled . | . . . . Allies | -11 -10 -9 -8 -------- Run | Yrd Mat Mat Mat Total Allies . | . . . . Largest Group . | . . . . Highest-Rated Group . | . . . . Highest-Rated Ally . | . . . . Total Orders . | . . . . Ally Attacks . | . . . . Total Damage . | . . . . Kills . | . . . . Allies Corrupted . | . . . . Allies Melted . | . . . . Intel | -11 -10 -9 -8 ------- Run | Yrd Mat Mat Mat Active Infowar (turns) . | . . . . Robot Analysis Total . | . . . . Derelict Logs Recovered . | . . . . Drone Launches . | . . . . Drone Recoveries . | . . . . Exploration | -11 -10 -9 -8 ------------- Run | Yrd Mat Mat Mat Turns Passed 236 | 4 34 82 116 Spaces Moved 507 | 1 66 135 305 Core 160 | 1 66 93 . Treads . | . . . . Legs . | . . . . Wheels . | . . . . Hover . | . . . . Flight 347 | . . 42 305 Fastest Speed 31 | 50 50 37 31 Average Speed 37 | 50 50 45 31 Slowest Speed 50 | 50 50 50 34 Overloaded Moves . | . . . . Propulsion Burnouts . | . . . . Robots Hopped 4 | . . . 4 Potential Cave-ins . | . . . . Cave-ins Triggered . | . . . . Exploration Rate (%) 21 | 2 20 21 44 Regions Visited 3 Branch Regions . Pre-discovered Areas . | . . . . Known Exits Taken . | . . . . Unknown Exits Taken 3 | 1 1 1 . Scrap Searched . | . . . . Spaces Dug 7 | . . 5 2 Terrain Destroyed 9 | . . 7 2 Melee 2 | . . . 2 Projectile . | . . . . AOE 7 | . . 7 . Terrain Rammed . | . . . . Walls Destroyed . | . . . . Machines Disabled . | . . . . Actions | -11 -10 -9 -8 --------- Run | Yrd Mat Mat Mat Total 541 | 5 66 152 318 Wait . | . . . . Move 496 | . 65 134 297 Hop 4 | . . . 4 Pick Up 9 | . 1 5 3 Fast Attach 8 | . . 3 5 Attach 6 | 2 . 1 3 Detach 1 | . . 1 . Swap 2 | . . 1 1 Drop 10 | 3 . 4 3 Fire 3 | . . 3 . Melee 2 | . . . 2 Ram . | . . . . Kick . | . . . . Crush . | . . . . Escape Stasis . | . . . . Rewire . | . . . . Trap . | . . . . Miscellaneous . | . . . . Route ------- -11/Scrapyard -10/Materials -9/Materials (discovered 2 exits: *Mat / [*Min]) -8/Materials History --------- Turn | Location | Event 1 | -11/Scrapyard | Released all parts (6) 5 | -11/Scrapyard | Discovered new exit (range 0) 5 | -11/Scrapyard | Entered Materials 34 | -10/Materials | Discovered new exit (range 12) 39 | -10/Materials | Entered another Materials area 39 | -9/Materials | Evolved 2 slots: Utility x2 61 | -9/Materials | Discovered new exit (range 11) 117 | -9/Materials | Destroyed 8 combat bots 117 | -9/Materials | Discovered new exit (range 13) 121 | -9/Materials | Entered another Materials area 121 | -8/Materials | Evolved 2 slots: Propulsion x2 223 | -8/Materials | Hacking Suite fried by hacking feedback 237 | -8/Materials | Self-destructed Last Messages --------------- 00204_ ALERT: Suspicious activity at Terminal M011. Dispatching Investigation squad. 00208_ Connecting with Terminal... 00208_ ALERT: Suspicious activity at Terminal M006. Dispatching Investigation squad. 00209_ Acquired Cesium-ion Thruster. 00214_ Dropped Microactuators. 00215_ Acquired Hacking Suite. 00220_ R-06 Scavenger collects Microactuators. 00223_ Connecting with Terminal... Feedback: Hacking Suite fried. 00223_ ALERT: Suspicious activity at Terminal M005. Dispatching Investigation squad. 00224_ Flight Unit destroyed. 00225_ Dropped Microactuators. 00230_ C-30 ARC bursts open, deploying its payload. 00230_ S-10 Pest unfolds itself. 00233_ K-01 Serf collects debris. 00234_ Hacking Suite destroyed. 00236_ Critical hit (Burn: +37). Map ----- +----------------------------------------------------+ | | | | | | | | | | | | | | | | | | | | | ????????????????????????????????????????????###### | | ???????????????????????????????????????????# | | ??????????????????????????????????####?????# "" | | ??????????????????????????????????# ?????# ""S " | | ??????????????????????????????????# ???? # "" " | | ??????????????????????????????????#! # " | | ??????????????????????????????????# """ # " | | ??????????????????????????????????# """ # " | | ??????????????????????????????????# """ # | | ??????????????????????????????????# """ #####+# | | ??????????????????????????????????# ???# | | ???????????????????????????????????? ?????# | | ???????????######+########+###########/######## | | ?????????? s s | | ????????H? g k s | | ?????????? @g | | ?????????????????######## gg################### | | ????????????????????????# ## #?????????# | | ????????????????????????# g ## #?????????# ! | | ????????????????????????#Y ## """ #?????????# | | ????????????????????????#b ## """ #?????????# | | ????????????????????????# ## """ #?????????# | | ???????????????????????## ## ???????????# | | ????????????????####+###g ###+############## | | ????????????????# | | ????????????????# T | | ????????######## w | | #######T# T"## ### # ######/####### | | #?####### #?# ! ## | | #???????# #?# ! ## | | T """ #???????# #?# ## | | ######### """ ###?????# #?# """"""" ## | | ????#[[ """ ""#?????# #?# """"""" ## | | ????#[[ T"#?????# #?# """"""" ## | | ????#!! * ""#?????# #?# """"""" # | | ????#!! ###?????# #?# """"""??# | | ????#== = #???????# #?###???????? | | ????#== #???????# #?# ???????# | | ????####### #???????# #?# "???????# | | ??????????# ################## #?# "???????##### | +----------------------------------------------------+ Best States ------------- Heat Dissipation 31 Energy Generation 14 Energy Capacity 250 Matter Stores 300 Matter Capacity 300 Sight Range 16 Terrain Scan Density 10 Melee Speed Boost 50 Evasion (%) 63 Offensive Hacking 20 Item Schematics ----------------- None Robot Schematics ------------------ None Fabricated ------------ Nothing Repaired ---------- Nothing Alien Tech Used ----------------- None Achievements -------------- None Challenges ------------ None Game ------ Seed BarrageMeleeTelecube Manual? 0 Play Time 00:09:20 Cumulative 523.7 hours Start 2025.06.05 @ 03:06:18 End 2025.06.05 @ 03:12:09 Sessions 1 Manual Loads 0 Difficulty Rogue Special Mode None Game No. 582 Rogue 582 Adventurer 0 Explorer 0 Win Type - Total 16 Types 10/0/5/1/0/0/0/0/0/0 Lore% 82 Gallery% 82 Achievement% 82 Wizard Run 0 Options --------- Layout 0 ASCII 0 Keyboard 0 Movement Numpad Keybinds 0 Fullscreen 1 Font 18/SmallcapsGlow Map View 76x50 Zoom Use 0% Tactical HUD 1 Map Filters NONE Filters NONE Steam 1 RUN: dd7d55ca-0cd8-440e-a3f5-494a53f0c4cb